[Event "Late-Titled-Tuesday-Blitz-March-12-2024"]
[Site "Chess.com"]
[Date "2024.03.12"]
[Round "2"]
[White "AlexTruskavetsky"]
[Black "GOGIEFF"]
[Result "0-1"]
[WhiteElo "2682"]
[BlackElo "3017"]
[TimeControl "180+1"]
[EndTime "14:17:06 PDT"]
[Termination "GOGIEFF won on time"]

1. d4 Nf6 2. c4 e6 3. Nc3 Bb4 4. e3 b6 5. Bd3 Bb7 6. f3 Nh5 7.
Ne2 Qh4+ 8. g3 Qe7 9. O-O O-O 10.
e4 f5 11. exf5 exf5 12. Nf4 Nxf4 13. Bxf4 Bxc3 14. bxc3 d6 15. Qc2 Qf7 16. Rab1 Nd7 17. a4 a5 18. g4 fxg4 19. fxg4 h6 20. h3 Nf6 21. Bg3 Rae8 22. Bg6 Qd7 23. Bxe8 Rxe8 24. d5 Re3 25. Kh2 Nxg4+ 26. hxg4 Qxg4 27. Qg2 Qxc4 28.
Rf4 Qd3 29. Rbf1 Bxd5 30. Qg1 Kh7 31. Rd1 Qe2+ 32. Bf2 Re5 0-1

[Event "Late-Titled-Tuesday-Blitz-March-12-2024"]
[Site "Chess.com"]
[Date "2024.03.12"]
[Round "2"]
[White "zverr1"]
[Black "SchmakAttack"]
[Result "0-1"]
[WhiteElo "2571"]
[BlackElo "2813"]
[TimeControl "180+1"]
[EndTime "14:17:06 PDT"]
[Termination "SchmakAttack won on time"]

1. e4 c5 2. Nf3 d6 3. Nc3 Nf6 4. e5 dxe5 5. Nxe5 a6 6. g3 Qd6 7.
f4 Nc6 8. Nc4 Qe6+ 9. Ne3 b5 10.
Bg2 Bb7 11. O-O Qd7 12. Ncd5 Nxd5 13. Nxd5 e6 14. Nc3 c4 15. Ne4 Be7 16. b3 Qd4+ 17.
Kh1 Qxa1 18. f5 exf5 19. Rxf5 Ba3 20. Rf1 Qxc1 21. Qf3 Qxf1+ 22. Bxf1 O-O 23. bxc4 Ne5 24. Nf6+ gxf6 25. Qxb7 bxc4 26. Qb6 Kg7 27. h4 Rfd8 28. Qb7 Bc5 29. h5 h6 30. d3 cxd3 31. cxd3 Rab8 32.
Qe4 Rb2 33. Qf5 Rf2 34. Qe4 Rxf1+ 35. Kg2 Rg1+ 36. Kh3 Rxd3 37. a4 Rdxg3+ 38. Kh4 Nf3+ 0-1

[Event "Late-Titled-Tuesday-Blitz-March-12-2024"]
[Site "Chess.com"]
[Date "2024.03.12"]
[Round "2"]
[White "cthulhuuu"]
[Black "Igor_Lysyj"]
[Result "0-1"]
[WhiteElo "2397"]
[BlackElo "2830"]
[TimeControl "180+1"]
[EndTime "14:17:09 PDT"]
[Termination "Igor_Lysyj won on time"]

1. e4 e5 2. Nf3 Nc6 3. Bb5 a6 4. Bxc6 dxc6 5. O-O Qf6 6. d4 exd4 7. Bg5 Qd6 8. e5 Qg6 9. Qxd4 Be6 10. Rd1 Be7 11.
Bxe7 Nxe7 12. Qb4 b6 13. Nc3 Nd5 14. Qc4 O-O 15. Qxc6 Nf4 16. Nh4 Qh6 17. g3 Nh3+ 18. Kg2 Nf4+ 19. Kg1 Kh8 20. Qe4 Nh3+ 21. Kg2 Ng5 22.
Qf4 f6 23. exf6 Rxf6 24. Qxc7 Raf8 25. Rd8 Rxf2+ 26. Kh1 Rxd8 27. Qxd8+ Bg8 28. Re1 Qc6+ 29. Ne4 Nxe4 0-1

[Event "Late-Titled-Tuesday-Blitz-March-12-2024"]
[Site "Chess.com"]
[Date "2024.03.12"]
[Round "2"]
[White "jcibarra"]
[Black "BabageldiAnnaberdiyev"]
[Result "0-1"]
[WhiteElo "2920"]
[BlackElo "2640"]
[TimeControl "180+1"]
[EndTime "14:17:10 PDT"]
[Termination "BabageldiAnnaberdiyev won on time"]

1. e4 e6 2. d4 d5 3. Nc3 Nf6 4. Bg5 Be7 5. e5 Nfd7 6. Bxe7 Qxe7 7. Qg4 O-O 8. Bd3 c5 9. Nf3 h6 10. dxc5 Nc6 11. Qg3 Nxc5 12. O-O-O Nxd3+ 13. Rxd3 b5 14. Nd4 Nxd4 15. Rxd4 b4 16. Ne2 a5 17. Nf4 Qg5 18. Qe3 f6 19. Re1 fxe5 20. Qxe5 Rf5 21. Qd6 Kh7 22.
h4 Qxh4 23. g3 Qg5 24. Qc6 Rb8 25. Qc7 Ra8 26. Qc6 Rb8 27. Kb1 e5 28. Qc7 Ra8 29.
Nh3 Qg6 30. Rh4 Rf7 31. Qxe5 Bxh3 32. Rxh3 Rxf2 33. Ka1 Rc8 34. Qxd5 Rfxc2 35. Rhh1 a4 36. Qd3 Qxd3 0-1

[Event "Late-Titled-Tuesday-Blitz-March-12-2024"]
[Site "Chess.com"]
[Date "2024.03.12"]
[Round "2"]
[White "Bkmzzzzz"]
[Black "newyorkmouse"]
[Result "0-1"]
[WhiteElo "2381"]
[BlackElo "2572"]
[TimeControl "180+1"]
[EndTime "14:17:10 PDT"]
[Termination "newyorkmouse won on time"]

1. e4 b6 2. d3 Bb7 3. Nd2 g6 4.
g3 Bg7 5. Bg2 f5 6. Qe2 e6 7. Ngf3 Ne7 8. O-O O-O 9. c3 c5 10. e5 b5 11. d4 Qb6 12. dxc5 Qxc5 13. Nb3 Qc7 14. Re1 a6 15. Be3 Nbc6 16. Bc5 f4 17.
Rad1 fxg3 18. hxg3 Rf5 19. Bd6 Qb6 20. Nh4 Rxe5 21.
Bxe5 Nxe5 22. Qe3 Qxe3 23. Rxe3 Bxg2 24. Kxg2 Nd5 25. Re2 Rf8 26. Nc5 g5 27. f4 gxf4 28. Rxd5 exd5 29. gxf4 Rxf4 30. Kg3 Rg4+ 31. Kh3 Bf6 32.
Ng2 h5 33. Nxa6 Nf3 34. Ne3 Ng1+ 35. Kh2 Nxe2 36. Nxg4 hxg4 37. Nc5 d6 38. Nd7 Be5+ 39. Kg2 Kf7 0-1

[Event "Late-Titled-Tuesday-Blitz-March-12-2024"]
[Site "Chess.com"]
[Date "2024.03.12"]
[Round "2"]
[White "Josetricks"]
[Black "egnfanclub"]
[Result "0-1"]
[WhiteElo "2549"]
[BlackElo "2383"]
[TimeControl "180+1"]
[EndTime "14:17:11 PDT"]
[Termination "egnfanclub won by resignation"]

1. c4 c5 2. Nf3 Nf6 3. Nc3 d5 4.
cxd5 Nxd5 5. e3 Nc6 6. Qc2 Ndb4 7. Qb1 g6 8. a3 Nd5 9. Bc4 Bf5 10. Qa2 e6 11. Nxd5 exd5 12. Bxd5 Qc7 13. O-O Bg7 14.
d4 cxd4 15. Nxd4 Nxd4 16. exd4 O-O 17. Be3 Rac8 18. h3 Qd7 19. Rfd1 Rfd8 20. Bf3 Rc2 21. Rac1 Rdc8 22. Rxc2 Bxc2 23. Rd2 b6 24. Bg4 Bf5 25.
Bxf5 Rc1+ 26. Kh2 Qxf5 27. Qb3 Bf8 28. Rd1 Bd6+ 29. g3 Rc2 30. Rf1 h5 31. h4 Re2 32.
Qc4 Qf3 33. Rg1 Qxe3 34. Qc8+ Kg7 0-1

[Event "Late-Titled-Tuesday-Blitz-March-12-2024"]
[Site "Chess.com"]
[Date "2024.03.12"]
[Round "2"]
[White "TimGrutter03"]
[Black "TenisMaster"]
[Result "0-1"]
[WhiteElo "2602"]
[BlackElo "2891"]
[TimeControl "180+1"]
[EndTime "14:17:12 PDT"]
[Termination "TenisMaster won on time"]

1. d4 Nf6 2. c4 e6 3. Nc3 Bb4 4. e3 O-O 5. Bd3 d5 6. Ne2 c5 7. cxd5 cxd4 8. Nxd4 Nxd5 9. Bd2 Nxc3 10. bxc3 Be7 11.
O-O Nd7 12. Rb1 a6 13. Qh5 g6 14. Qe2 Ne5 15. Bc2 Qc7 16. Rfd1 Bd7 17. Bb3 Rac8 18. e4 Nc6 19. Bh6 Rfd8 20. Rbc1 Na5 21. Qe3 Qe5 22. Bf4 Qh5 23. e5 Nc4 24. Bxc4 Rxc4 25. h3 Ba4 26. g4 Qh4 27. Rd2 g5 28. Bh2 h5 29. Qe2 Rcc8 30. Rd3 hxg4 31. hxg4 Bb5 32. Nxb5 Rxd3 33. Qxd3 Qxg4+ 34. Bg3 axb5 35. Qd7 Rd8 36. Qxe7 Rd3 37. Qxb7 Rxg3+ 38. fxg3 Qxg3+ 39. Kh1 Qh3+ 40. Kg1 Qe3+ 41. Kg2 Qxc1 42. Qxb5 Qd2+ 0-1

[Event "Late-Titled-Tuesday-Blitz-March-12-2024"]
[Site "Chess.com"]
[Date "2024.03.12"]
[Round "2"]
[White "SantoBlue"]
[Black "manitodeplomo"]
[Result "1-0"]
[WhiteElo "3060"]
[BlackElo "2699"]
[TimeControl "180+1"]
[EndTime "14:17:13 PDT"]
[Termination "SantoBlue won by resignation"]

1. e4 e6 2. d3 c5 3. Nd2 Nc6 4. g3 d5 5. Bg2 Nf6 6. Ngf3 g6 7. O-O Bg7 8. c3 O-O 9. e5 Nd7 10. d4 b6 11. Re1 a5 12. a3 a4 13. Nf1 b5 14. h4 cxd4 15. cxd4 Nb6 16. Bg5 f6 17. exf6 Bxf6 18. Ne3 Nc4 19. Ng4 Bxg5 20.
hxg5 Rxf3 21. Qxf3 Qxg5 22. Nf6+ Kg7 23. Ne8+ Kg8 24. Nc7 Ra7 25. Nxe6 Bxe6 26. Rxe6 Rf7 27. Qxd5 Qd2 28. Qxc6 Qxf2+ 29. Kh2 Rf5 30. Qe8+ Kg7 31. Qe7+ Kh6 32. Re4 Ne3 33. Rh4+ Rh5 34. Rxh5+ gxh5 35. Qe6+ Kg5 36. Qe5+ Kg6 37. Qe4+ Kg7 38. Qb7+ Kg6 39. Qf3 Ng4+ 40. Kh1 Qxd4 41. Rf1 Qd7 42. Qc6+ Qxc6 43.
Bxc6 Ne3 44. Rg1 1-0

[Event "Late-Titled-Tuesday-Blitz-March-12-2024"]
[Site "Chess.com"]
[Date "2024.03.12"]
[Round "2"]
[White "Statham_01"]
[Black "WhiteKnight2612"]
[Result "1-0"]
[WhiteElo "2604"]
[BlackElo "2848"]
[TimeControl "180+1"]
[EndTime "14:17:14 PDT"]
[Termination "Statham_01 won by checkmate"]

1. e4 c5 2. Nf3 d6 3. d4 cxd4 4. Nxd4 Nf6 5. Nc3 a6 6. a3 e5 7. Nf5 Nxe4 8. Nxg7+ Bxg7 9. Nxe4 O-O 10. Bc4 Nc6 11.
Bg5 Qa5+ 12. b4 Nxb4 13. axb4 Qxb4+ 14. Nd2 Bf5 15. O-O Rac8 16. Bb3 h6 17. Be3 Rfd8 18. Ra4 Qc3 19. Qh5 Bxc2 20. Bxf7+ Kh7 21. Rg4 Rc7 22.
Bg6+ Kg8 23. Bxh6 Rdd7 24. Bh7+ Kf8 25. Bxc2 Qxc2 26. Bxg7+ Ke7 27. Qh4+ Ke6 28. Ne4 Rf7 29. Qh6+ Kd5 30. Qxd6+ Kc4 31. Ng5+ Kb5 32. Nxf7 Rxf7 33. Rb4+ Ka5 34. Qb6# 1-0

[Event "Late-Titled-Tuesday-Blitz-March-12-2024"]
[Site "Chess.com"]
[Date "2024.03.12"]
[Round "2"]
[White "baag"]
[Black "mightysmasher"]
[Result "0-1"]
[WhiteElo "2841"]
[BlackElo "2598"]
[TimeControl "180+1"]
[EndTime "14:17:14 PDT"]
[Termination "mightysmasher won on time"]

1. c4 e6 2. g3 d5 3. Bg2 Nf6 4. Nf3 Be7 5. O-O O-O 6. d4 c6 7. Qc2 b6 8. Nbd2 Bb7 9. e4 Na6 10. a3 Rc8 11. Rd1 c5 12. exd5 exd5 13. dxc5 Nxc5 14.
Nd4 dxc4 15. Bxb7 Nxb7 16. Nf5 Nd6 17. Nf3 Qc7 18. Bf4 Rfd8 19. N3d4 a6 20. Qa4 Bf8 21.
Qxa6 Ra8 22. Bxd6 Bxd6 23. Qb5 Bc5 24. Qxc4 Qe5 25. Re1 Qd5 26. Qxd5 Rxd5 27. Rac1 g6 28. b4 gxf5 29. Nc6 Bd6 30. Re3 Kg7 31. Rce1 Rc8 32. Na7 Rc2 33. a4 Ne4 34. Nb5 Bxb4 0-1

[Event "Late-Titled-Tuesday-Blitz-March-12-2024"]
[Site "Chess.com"]
[Date "2024.03.12"]
[Round "2"]
[White "trriinu"]
[Black "Stanbad1"]
[Result "0-1"]
[WhiteElo "2268"]
[BlackElo "2532"]
[TimeControl "180+1"]
[EndTime "14:17:14 PDT"]
[Termination "Stanbad1 won by checkmate"]

1. e4 e6 2. d4 d5 3. Nd2 Nf6 4.
e5 Nfd7 5. Bd3 c5 6. c3 Nc6 7. Ne2 cxd4 8. cxd4 f6 9. exf6 Nxf6 10. O-O Bd6 11.
Nf3 O-O 12. Bg5 Qb6 13. Bxf6 Rxf6 14. b3 Bd7 15. Ng3 Raf8 16. Rc1 Be8 17. Ng5 Bg6 18. Nh5 Bxd3 19. Qxd3 Rh6 20. Ng3 Bf4 21. Nf3 Bxc1 22.
Rxc1 Rhf6 23. Qe3 g6 24. Rd1 Ne7 25. Qh6 Nf5 26. Nxf5 gxf5 27. Qh5 Qc7 28. Ne5 Qg7 29. Rd3 f4 30. Rf3 Rf5 31. Qh4 Rg5 32. Qh3 h6 33. g3 fxg3 34. hxg3 Rxf3 35. Nxf3 Rf5 36. Ne5 Kh7 37.
f4 Rxf4 38. Qxe6 Qxg3+ 39. Kh1 Rf1# 0-1

[Event "Late-Titled-Tuesday-Blitz-March-12-2024"]
[Site "Chess.com"]
[Date "2024.03.12"]
[Round "2"]
[White "RuleOfTwo"]
[Black "newauto"]
[Result "1-0"]
[WhiteElo "2471"]
[BlackElo "2115"]
[TimeControl "180+1"]
[EndTime "14:17:15 PDT"]
[Termination "RuleOfTwo won by resignation"]

1. Nf3 c6 2. g3 d5 3. Bg2 Nf6 4. O-O Bf5 5. c4 e6 6. b3 Be7 7. Bb2 O-O 8. d4 Re8 9. Nbd2 Nbd7 10. Rc1 Qa5 11. a4 Ne4 12. Nxe4 Bxe4 13. Ne5 Bxg2 14. Kxg2 Nxe5 15. dxe5 Rad8 16. Qc2 dxc4 17. Qxc4 Qd5+ 18. Qxd5 Rxd5 19. Bc3 Red8 20. f4 a5 21. Kf3 Bb4 22. Bxb4 axb4 23. Rc4 c5 24. Rfc1 b6 25. a5 bxa5 26.
Rxc5 Kf8 27. Rc7 R8d7 28. Rc8+ Ke7 29. Ra8 Rb7 30. Ra1 Rbb5 31. Ra7+ Ke8 32. Rc1 Rd7 33.
Rc8+ Ke7 34. Raa8 Rdb7 35. Re8+ Kd7 36. Rad8+ Kc6 37. Rd6+ Kc7 38. e4 a4 39. bxa4 b3 40. axb5 b2 41. Re7+ Kc8 42. Re8+ Kc7 43. Rd1 Rxb5 44.
Rb1 Kd7 45. Ra8 Rb3+ 46. Kf2 Rb4 47. Ra2 Rxe4 48. Raxb2 1-0

[Event "Late-Titled-Tuesday-Blitz-March-12-2024"]
[Site "Chess.com"]
[Date "2024.03.12"]
[Round "2"]
[White "ljm509"]
[Black "kinga2008"]
[Result "0-1"]
[WhiteElo "2013"]
[BlackElo "2456"]
[TimeControl "180+1"]
[EndTime "14:17:15 PDT"]
[Termination "kinga2008 won on time"]

1. e4 c6 2. d4 d5 3. exd5 cxd5 4. Bf4 Nc6 5. c3 Bf5 6. Qb3 Qd7 7. Nd2 Nf6 8. Ngf3 e6 9. Bb5 a6 10. Ne5 Qc8 11. Be2 Nxe5 12. Bxe5 Nd7 13. Bg3 Be7 14. O-O O-O 15. Rae1 b5 16. Nf3 Nb6 17. Ne5 Bf6 18. Nd3 Nc4 19. Nc5 Nd2 20. Qd1 Nxf1 21. Bxf1 Be7 22. b4 a5 23. a3 axb4 24. axb4 Bxc5 25.
bxc5 Ra3 26. Qc1 Qa6 27. Bxb5 Qa5 28. Bf1 Rxc3 29. Qd2 Rxc5 30. Qe3 Rc3 31. Qe5 f6 32. Qe2 Bd3 33. Qxe6+ Kh8 34. Bxd3 Rxd3 35. Bd6 Rg8 36.
g3 Rxd4 37. Re3 Re4 38. Rxe4 dxe4 39. Qxe4 Rd8 40. Bf4 Qd5 41. Qxd5 Rxd5 42. Be3 g5 43. h3 Kg7 44. Kg2 Kg6 45. g4 Rb5 46. Kf3 Rb3 47. Kg2 h5 48. Kf3 Rb4 49. Kg3 Rb1 50. Kf3 Rg1 51. Bd4 h4 52. Be3 f5 53. gxf5+ Kxf5 54. Bd4 Rd1 55. Be3 Rb1 56. Kg2 Rb3 57.
Bd4 g4 58. hxg4+ Kxg4 59. Be5 Rd3 60. Bc7 Rd2 61. Bb8 h3+ 62. Kg1 Kf3 63. Bg3 Rd1+ 64. Kh2 Kg4 65. f3+ Kxf3 66. Kxh3 Rh1+ 67. Bh2 Kf2 68.
Kg4 Rxh2 0-1

[Event "Late-Titled-Tuesday-Blitz-March-12-2024"]
[Site "Chess.com"]
[Date "2024.03.12"]
[Round "2"]
[White "Alex_Banzea"]
[Black "AccioChess"]
[Result "1-0"]
[WhiteElo "2658"]
[BlackElo "2427"]
[TimeControl "180+1"]
[EndTime "14:17:17 PDT"]
[Termination "Alex_Banzea won on time"]

1. d4 Nf6 2. Nc3 c5 3. d5 d6 4. e4 e5 5. Nf3 Be7 6. a4 O-O 7. Nd2 Ne8 8. Nc4 Bg5 9. Bxg5 Qxg5 10. h4 Qe7 11. Ne3 f5 12. exf5 Bxf5 13. Nxf5 Rxf5 14. Bd3 Rf8 15. Ne4 h6 16. Qg4 Nf6 17. Qg6 Nxe4 18. Bxe4 Rf6 19. Qh7+ Kf7 20. h5 Ke8 21. Ra3 Kd8 22.
Rg3 Rf7 23. Bf5 Qf6 24. Rf3 Qe7 25. Rhh3 Nd7 26. Be6 Nf6 27. Qg6 Rf8 28. Rhg3 Ne8 29. Rxf8 Qxf8 30. Rf3 Nf6 31. Rf5 Kc7 32. g4 Qe7 33. g5 hxg5 34. h6 Rh8 35. hxg7 Rh1+ 36. Ke2 Nxd5 37. Rf7 1-0

[Event "Late-Titled-Tuesday-Blitz-March-12-2024"]
[Site "Chess.com"]
[Date "2024.03.12"]
[Round "2"]
[White "Jarming"]
[Black "MaiqMaster"]
[Result "1-0"]
[WhiteElo "2654"]
[BlackElo "2424"]
[TimeControl "180+1"]
[EndTime "14:17:18 PDT"]
[Termination "Jarming won by resignation"]

1. d4 d5 2. Nc3 Nf6 3. Bf4 g6 4. h4 h5 5. e3 Bg7 6. Nf3 O-O 7. Ne5 c5 8. dxc5 Qa5 9. Qd4 Na6 10. Bxa6 Qxa6 11. b4 Rd8 12. Qd3 Qa3 13. Rb1 Bf5 14. Qd2 Ne4 15. Nxe4 dxe4 16. Qc1 Qxa2 17. c6 Bxe5 18.
Bxe5 bxc6 19. O-O Qe6 20. Bd4 Qc4 21. c3 a6 22. Ra1 Rd5 23. Rd1 e5 24. Bc5 Rd3 25.
Rxd3 exd3 26. f3 e4 27. fxe4 Qxe4 28. Qe1 Rd8 29. Bd4 Qg4 30. Qf2 Qe2 31. Ra2 Qxf2+ 32.
Kxf2 Bg4 33. Ke1 Bc8 34. Ra5 Rd5 35. Ra3 Kf8 36. Kd2 Ke7 37. Kxd3 Ke6 38. e4 Rd7 39. Ra1 f5 40. exf5+ Kxf5 41. Rf1+ Kg4 42. Rf6 Kxh4 43. Rxg6 Rd5 44. Kc4 Rg5 45. Bf6 Be6+ 46. Kd4 Kg4 47. Rxg5+ Kf4 48. Rxh5 1-0

[Event "Late-Titled-Tuesday-Blitz-March-12-2024"]
[Site "Chess.com"]
[Date "2024.03.12"]
[Round "2"]
[White "NikolaGry"]
[Black "jefferyx"]
[Result "0-1"]
[WhiteElo "2701"]
[BlackElo "3085"]
[TimeControl "180+1"]
[EndTime "14:17:23 PDT"]
[Termination "jefferyx won by resignation"]

1. e4 c5 2. Nf3 d6 3. Bb5+ Nc6 4.
O-O Bd7 5. c3 Nf6 6. Re1 a6 7.
Bf1 Bg4 8. d4 cxd4 9. cxd4 Bxf3 10. gxf3 e5 11. d5 Ne7 12. f4 Ng6 13. fxe5 dxe5 14.
Be3 Bd6 15. Nd2 O-O 16. Rc1 Re8 17. Kh1 Nf4 18. a4 h5 19. h3 Rc8 20. Qf3 Bb4 21.
Red1 Qd7 22. Rxc8 Qxc8 23. Nc4 b5 24. axb5 axb5 25. Nxe5 Rxe5 26. Bxf4 Rxe4 27. Bh2 Qc5 28. d6 Rd4 29. Ra1 Qd5 30. Qxd5 Rxd5 31. Ra6 Ne4 32. Rb6 Bxd6 33. Rxb5 Nxf2+ 34. Kg2 Rd2 35. Bxd6 Ne4+ 36. Kf3 Nxd6 37. Rb8+ Kh7 38. Rd8 Nc4 39. Bd3+ Rxd3+ 40. Rxd3 Ne5+ 41. Ke4 Nxd3 42. Kxd3 Kg8 43. Kd4 Kf8 44.
Kc5 Ke7 45. Kc6 g5 46. b4 g4 47. hxg4 h4 48. b5 h3 49. b6 h2 50. b7 h1=Q+ 0-1

[Event "Late-Titled-Tuesday-Blitz-March-12-2024"]
[Site "Chess.com"]
[Date "2024.03.12"]
[Round "2"]
[White "Supergiuly"]
[Black "kids2010"]
[Result "0-1"]
[WhiteElo "2358"]
[BlackElo "2763"]
[TimeControl "180+1"]
[EndTime "14:17:23 PDT"]
[Termination "kids2010 won on time"]

1. g3 e5 2. Bg2 Nc6 3. Nc3 d6 4.
Nf3 f5 5. d3 Nf6 6. O-O Be7 7. e4 O-O 8. h3 h6 9. Be3 Qe8 10. Nd5 Nxd5 11. exd5 Nd8 12. d4 f4 13. Bd2 e4 14. Nh2 f3 15. Bh1 Bxh3 16. Re1 Qg6 17. c4 Bh4 18. Nf1 Nf7 19. Qc2 Rae8 20. Bxf3 Bf5 21.
Bg2 e3 22. Qc3 e2 23. gxh4 exf1=Q+ 24. Rxf1 Bd3 25. Rfe1 Qf5 26. Be3 Be4 27. f3 Bc2 28.
Rac1 Ba4 29. Bf2 Bd7 30. Re4 Qf6 31. Rce1 Rxe4 32. Rxe4 Bf5 33. Rf4 g5 34. hxg5 hxg5 35. Rxf5 Qxf5 36. Qe3 Qf6 37. Bh3 Nh6 38. Be6+ Kg7 39.
Bg3 Nf5 40. Bxf5 Qxf5 41. Qe7+ Rf7 42. Qe6 Qxf3 43. Kh2 Qf6 44. Qe4 Qg6 45. Qg4 Qc2+ 46. Kh3 Qf5 47. c5 Kg6 48. cxd6 Rh7+ 0-1

[Event "Late-Titled-Tuesday-Blitz-March-12-2024"]
[Site "Chess.com"]
[Date "2024.03.12"]
[Round "2"]
[White "DanielNaroditsky"]
[Black "KyronGriffith"]
[Result "1-0"]
[WhiteElo "3087"]
[BlackElo "2702"]
[TimeControl "180+1"]
[EndTime "14:17:24 PDT"]
[Termination "DanielNaroditsky won on time"]

1. e4 c5 2. c3 d5 3. exd5 Qxd5 4. d4 Nf6 5. Nf3 e6 6. Na3 Nc6 7. Be3 cxd4 8. Nb5 Qd8 9. Nbxd4 Qc7 10. Nxc6 bxc6 11. Bd3 Bd6 12. Qa4 O-O 13. Qh4 Be7 14. O-O-O Qa5 15. Kb1 Ba6 16. Bc2 Rab8 17. Ka1 h6 18.
Qa4 Qxa4 19. Bxa4 Be2 20. Rd2 Bxf3 21. gxf3 Rbc8 22. Rg1 Kh8 23. c4 a6 24. Rgd1 Bb4 25.
Rd3 Be7 26. Bb6 g6 27. Bd4 Kg7 28. Bc3 Kg8 29. Be5 Rfe8 30. Bd6 Nh5 31. Bxe7 Rxe7 32. Rd8+ Rxd8 33. Rxd8+ Kg7 34. Bxc6 Rc7 35. Rd6 Nf4 36.
b4 Kf6 37. b5 axb5 38. cxb5 Ke7 39. Rd2 Rc8 40. b6 Rb8 41. Rd7+ Kf6 42. b7 Nd5 43.
Bxd5 exd5 44. a4 Ke6 45. Rc7 d4 46. Kb2 Kd5 47. a5 1-0

[Event "Late-Titled-Tuesday-Blitz-March-12-2024"]
[Site "Chess.com"]
[Date "2024.03.12"]
[Round "2"]
[White "ahkashefi2800"]
[Black "vugarrasulov"]
[Result "0-1"]
[WhiteElo "2623"]
[BlackElo "2936"]
[TimeControl "180+1"]
[EndTime "14:17:24 PDT"]
[Termination "vugarrasulov won on time"]

1. d4 d5 2. c4 c6 3. cxd5 Qxd5 4. Nc3 Qd8 5. e4 e5 6. dxe5 Qxd1+ 7.
Kxd1 Bc5 8. f4 g5 9. fxg5 Bg4+ 10. Nf3 Nd7 11. Bf4 Ne7 12. h3 Bxf3+ 13. gxf3 Ng6 14.
Bg3 Ndxe5 15. Be2 Be3 16. Kc2 Bxg5 17. h4 Bf4 18. Bf2 h5 19. Rad1 b6 20. b4 O-O 21. b5 Rac8 22. bxc6 Nxc6 23. Nd5 Nd4+ 24. Kd3 Ne6 25. Bd4 Rfd8 26. Rhg1 Kh7 27. Bf6 Rd6 28. Bf1 Kh6 29. Bh3 Rc5 30. Ke2 Rc2+ 31. Kf1 Be5 32.
Bg5+ Nxg5 33. Rxg5 f6 34. Rg2 Rxg2 35. Bxg2 Nxh4 36.
f4 Bxf4 37. Rd3 Bg5 38. Ra3 Nxg2 39. Kxg2 f5 40. Rxa7 fxe4 0-1

[Event "Late-Titled-Tuesday-Blitz-March-12-2024"]
[Site "Chess.com"]
[Date "2024.03.12"]
[Round "2"]
[White "Mbneu"]
[Black "Witik"]
[Result "0-1"]
[WhiteElo "2250"]
[BlackElo "2736"]
[TimeControl "180+1"]
[EndTime "14:17:25 PDT"]
[Termination "Witik won by resignation"]

1. d4 Nf6 2. c4 e6 3. Nf3 Bb4+ 4. Bd2 Qe7 5. g3 Nc6 6. Bg2 Bxd2+ 7. Nbxd2 d6 8. Nf1 O-O 9. Ne3 e5 10. Nd5 Nxd5 11. cxd5 Nxd4 12. Nxd4 exd4 13. Qxd4 Re8 14. e3 Bd7 15. O-O c5 16. dxc6 Bxc6 17. Rac1 Qd7 18. Rfd1 Red8 19. Bd5 a6 20. Rc3 Rac8 21.
Rdc1 h6 22. h4 Bxd5 23. Qxd5 Rxc3 24. Rxc3 Rc8 25. Rxc8+ Qxc8 26. Qxd6 Qc1+ 27. Kg2 Qxb2 28. Qd8+ Kh7 29. Qd3+ Kg8 30. Qd8+ Kh7 31. Qd3+ g6 32. Qd5 Kg7 33. e4 b5 34. e5 Qe2 35. Qd6 Qe4+ 36.
Kg1 Qb1+ 37. Kg2 Qxa2 38. Qf6+ Kg8 39. h5 Qe6 40. Qd8+ Kh7 41. hxg6+ Qxg6 42. Qd6 Qe6 43. Qd3+ Kg7 44. Qe4 a5 45. f4 a4 46. f5 Qc4 47.
Kh3 Qxe4 0-1

[Event "Late-Titled-Tuesday-Blitz-March-12-2024"]
[Site "Chess.com"]
[Date "2024.03.12"]
[Round "2"]
[White "ITheOnlyME"]
[Black "DishonorOnYourCow"]
[Result "1-0"]
[WhiteElo "2395"]
[BlackElo "2553"]
[TimeControl "180+1"]
[EndTime "14:17:25 PDT"]
[Termination "ITheOnlyME won on time"]

1. d4 Nf6 2. Bf4 g6 3. Nc3 d5 4. e3 Bg7 5. h4 O-O 6. h5 gxh5 7. Be2 Bg4 8. f3 Bf5 9. g4 Bg6 10. Be5 Nbd7 11. g5 Ne8 12. Bxg7 Nxg7 13. f4 e6 14. Nf3 c5 15. Ne5 Nxe5 16. dxe5 d4 17. exd4 Qxd4 18. Qxd4 cxd4 19. Nb5 Rfd8 20. O-O-O Rac8 21. Bd3 a6 22. Nd6 Rc7 23. Be4 b5 24. Rxd4 Nf5 25.
Bxf5 exf5 26. a4 Rb8 27. axb5 axb5 28. Rb4 Ra7 29. Kd2 Ra4 30. Rxa4 bxa4 31. Kc3 h6 32. gxh6 Kh7 33. b3 axb3 34. cxb3 Kxh6 35. b4 Rb6 36. Kc4 f6 37. Kc5 Rb8 38. exf6 Be8 39. f7 Bd7 40. Ne8 Rxe8 41. fxe8=Q Bxe8 42. b5 Bxb5 43. Kxb5 1-0

[Event "Late-Titled-Tuesday-Blitz-March-12-2024"]
[Site "Chess.com"]
[Date "2024.03.12"]
[Round "2"]
[White "wannabe2700"]
[Black "Vladimir_Zakhartsov"]
[Result "0-1"]
[WhiteElo "2611"]
[BlackElo "2912"]
[TimeControl "180+1"]
[EndTime "14:17:26 PDT"]
[Termination "Vladimir_Zakhartsov won on time"]

1. b3 d5 2. Bb2 c5 3. e3 a6 4.
f4 Nc6 5. Nf3 d4 6. Na3 Nf6 7.
Nc4 g6 8. Nce5 Bg7 9. Nxc6 bxc6 10. exd4 Nh5 11. g3 cxd4 12. Bg2 Rb8 13. Ne5 Bxe5 14. Bxc6+ Bd7 15. Bxd7+ Qxd7 16. fxe5 Qd5 17. O-O Qxe5 18.
Re1 Qc5 19. Qe2 Rd8 20. Qe5 Qxe5 21. Rxe5 f6 22. Re6 Kf7 23. Rae1 Rd7 24. Bxd4 Ng7 25. R6e2 Rxd4 26. Rxe7+ Kf8 27. Ra7 Ne8 28. d3 Rd8 29.
Kf2 h5 30. Re6 h4 31. g4 Rg8 32. h3 f5 33. g5 Rg7 34. Raxa6 Rc7 35. Rac6 Ra7 36. a4 Nc7 37. Rxg6 Nd5 38. c4 Nf4 0-1

[Event "Late-Titled-Tuesday-Blitz-March-12-2024"]
[Site "Chess.com"]
[Date "2024.03.12"]
[Round "2"]
[White "oskariot"]
[Black "dealshark"]
[Result "1-0"]
[WhiteElo "2761"]
[BlackElo "2345"]
[TimeControl "180+1"]
[EndTime "14:17:26 PDT"]
[Termination "oskariot won by resignation"]

1. e4 e5 2. Nf3 Nc6 3. Nc3 Nf6 4. h3 d5 5. exd5 Nxd5 6. Bb5 Nxc3 7. bxc3 Bd6 8. O-O O-O 9. d4 exd4 10. cxd4 h6 11.
c4 a6 12. Ba4 Qf6 13. Bb2 Qg6 14. c5 Bf4 15. Bc2 Qf6 16. Rb1 Rd8 17. d5 Ne5 18. Nxe5 Bxe5 19. Bxe5 Qxe5 20. Re1 Qf6 21. Qd3 g6 22. Qc4 Kg7 23. Rbd1 b5 24. Qb4 Bf5 25. Bb3 Re8 26. Rxe8 Rxe8 27. d6 Rd8 28. dxc7 Rxd1+ 29. Bxd1 Qe5 30. c6 Qxc7 31. Qc3+ Kg8 32. Bf3 a5 33. a3 Be6 34. Qc5 Bc4 35. Qd4 Be6 36. h4 h5 37.
g3 Bc4 38. Qd7 Qe5 39. c7 Qe1+ 40. Kh2 Qxf2+ 41. Bg2 Kg7 42. c8=Q Bf1 43. Qc3+ Kh7 44. Qf3 1-0

[Event "Late-Titled-Tuesday-Blitz-March-12-2024"]
[Site "Chess.com"]
[Date "2024.03.12"]
[Round "2"]
[White "kingofthenil"]
[Black "David_ATM"]
[Result "1-0"]
[WhiteElo "2766"]
[BlackElo "2388"]
[TimeControl "180+1"]
[EndTime "14:17:27 PDT"]
[Termination "kingofthenil won on time"]

1. e4 e5 2. Nf3 Nc6 3. d4 d6 4. Bb5 exd4 5. Qxd4 Bd7 6. Bxc6 Bxc6 7. Nc3 Nf6 8. Bg5 Be7 9. O-O-O O-O 10. g4 Nxg4 11.
Bxe7 Qxe7 12. Rhg1 Ne5 13. Nd2 Qf6 14. Kb1 Kh8 15.
Rdf1 Ng6 16. Qxf6 gxf6 17. Nc4 Ne5 18. b3 Nxc4 19. bxc4 Rg8 20. Rg3 Rae8 21. f3 Re5 22. Rfg1 Rxg3 23. hxg3 Rc5 24. Kb2 Rxc4 25. g4 Kg7 26.
Ne2 d5 27. Kb3 b5 28. Ng3 dxe4 29. Nf5+ Kf8 30. f4 Bd5 31. Ne3 Rd4+ 32. Kc3 Rc4+ 33. Nxc4 Bxc4 34. a4 a6 35. axb5 axb5 36. Kd4 f5 37.
gxf5 Ke7 38. Kxe4 Kf6 39. Rh1 1-0

[Event "Late-Titled-Tuesday-Blitz-March-12-2024"]
[Site "Chess.com"]
[Date "2024.03.12"]
[Round "2"]
[White "Eliteplayer3"]
[Black "BardArtem"]
[Result "0-1"]
[WhiteElo "2262"]
[BlackElo "2741"]
[TimeControl "180+1"]
[EndTime "14:17:27 PDT"]
[Termination "BardArtem won by checkmate"]

1. e4 d5 2. exd5 Qxd5 3. d4 Nc6 4. Nf3 Bg4 5. Be2 O-O-O 6. Nc3 Qd7 7. d5 Bxf3 8. Bxf3 Ne5 9. O-O Nf6 10. Qe2 Nxf3+ 11.
Qxf3 Nxd5 12. Qxf7 Nxc3 13. bxc3 Qd5 14. Qxd5 Rxd5 15.
Be3 e6 16. Rfe1 Rg8 17. c4 Rd6 18. Bf4 Rc6 19. Re4 Bd6 20. Bxd6 Rxd6 21. Rae1 Kd7 22. f4 Rf8 23. g4 h6 24. c5 Rc6 25. f5 Rf6 26.
Re5 b6 27. cxb6 axb6 28. R1e2 exf5 29. gxf5 Kc8 30. Rg2 Rf7 31. Re6 Rc5 32. Reg6 Rcxf5 33. h3 Ra5 34. c3 Rf3 35. Rxg7 Rxc3 36. Kh2 Raa3 37. h4 Rh3+ 38. Kg1 Rac3 39. R2g4 Rc2 40. Rh7 Rd3 41. Kh1 Rxa2 42. Rxh6 b5 43. Rh5 b4 44.
Rb5 Rb2 45. h5 b3 46. Rg1 Rh3# 0-1